 Dungeon Crawl Stone Soup version 0.29.1-1-gd02db69 (webtiles) character file.

Game seed: 3544131101238923754

421 Timinator the Insei (level 6, -1/50 HPs)
             Began as a Demigod Transmuter on Jan 12, 2023.
             Killed by nerve-wracking pain
             ... invoked by an orc priest
              (11 damage)
             ... on level 4 of the Dungeon.
             The game lasted 00:16:16 (4646 turns).

Timinator the Insei (Demigod Transmuter)            Turns: 4646, Time: 00:16:16

Health: -1/50      AC:  3    Str: 15    XL:     6   Next: 35%
Magic:  19/20      EV: 12    Int: 15    God:
Gold:   160        SH:  0    Dex: 18    Spells: 6/9 levels left

rFire   . . .      SeeInvis .     - Unarmed
rCold   . . .      Faith    .   (no shield)
rNeg    . . .      Spirit   .   i - +0 leather armour
rPois   .          Reflect  .   (helmet currently unavailable)
rElec   .          Harm     .   (no cloak)
rCorr   .          Rampage  .   (no gloves)
Will    .....                   (boots currently unavailable)
Stlth   +.........              o - amulet of the acrobat
HPRegen 0.16/turn               a - ring of magical power
MPRegen 0.17/turn               (no ring)

@: appendages (expiring), wereblooded, flying
A: horns 2, talons 2, high MP 1, forlorn, divine attributes
a: End Transformation


You were on level 4 of the Dungeon.
You had temporarily grown beastly horns and talons.
You visited 1 branch of the dungeon, and saw 5 of its levels.

You collected 160 gold pieces.

Inventory:

Armour
 i - a +0 leather armour (worn)
 j - a +0 ring mail
 k - a +0 helmet
Jewellery
 a - a ring of magical power (left hand)
 o - an amulet of the acrobat (around neck)
Wands
 p - a wand of charming (13)
Scrolls
 d - a scroll of amnesia {unknown}
 f - 7 scrolls of identify {unknown}
 g - 2 scrolls of poison {unknown}
 l - a scroll of teleportation {unknown}
 m - a scroll of magic mapping {unknown}
 q - a scroll of vulnerability {unknown}
Potions
 b - a potion of mutation {unknown}
 c - a potion of resistance {unknown}
 e - 2 potions of ambrosia {unknown}
 h - 3 potions of curing


   Skills:
 * Level 2.7 Fighting
 * Level 2.9 Armour
 + Level 2.4 Dodging
 + Level 4.2 Unarmed Combat
 - Level 2.0 Spellcasting
 + Level 3.0 Transmutations


You had 6 spell levels left.
You knew the following spells:

 Your Spells              Type           Power      Damage    Failure   Level
a - Beastly Appendage     Tmut           20%        N/A       8%          1
b - Wereblood             Tmut           10%        N/A       12%         2

Your spell library contained the following spells:

 Spells                   Type           Power      Damage    Failure   Level
 Spider Form              Tmut/Pois      6%         N/A       41%         3
 Ice Form                 Ice/Tmut       6%         N/A       82%         4


Dungeon Overview and Level Annotations

Branches:
Dungeon (5/15)
 Temple: D:4-7

Annotations:
D:1 1 transporter


Innate Abilities, Weirdness & Mutations

You have temporarily grown beastly horns and talons.
You have an increased reservoir of magic. (+10% MP)
You shall have no god before yourself.
Your divine heritage dramatically boosts your attributes as you level up.


Message History

The orc priest closely misses you.
You barely miss the orc priest. Your kick misses the orc priest.
Your punch misses the orc priest.
You hit the orc priest but do no damage.
You headbutt the orc priest.
The orc priest is heavily wounded.
You closely miss the orc priest. Your kick misses the orc priest.
The orc priest is heavily wounded.
The orc priest hits you but does no damage.
You closely miss the orc priest.
You claw the orc priest, but do no damage.
The orc priest is heavily wounded.
The orc wizard misses you. The orc priest misses you.
You hit the orc priest. Your kick misses the orc priest.
The orc priest is severely wounded.
Your transformation is almost over.
The orc wizard gestures wildly while chanting.
The orc wizard flickers and vanishes!
Deactivating autopickup; reactivate with Ctrl-A.
The orc priest hits you with a +0 dagger.
You hit the orc priest.
The orc priest is almost dead.
Something hits you.
The orc priest invokes the aid of Beogh against you.
Beogh smites you!
You barely miss the orc priest.
The orc priest is almost dead.
The orc priest misses you.
The orc priest calls down the wrath of Beogh upon you.
Beogh smites you!
* * * LOW HITPOINT WARNING * * *
It was a potion of flight.
You feel very buoyant.
You fly up into the air.
The orc priest looks encouraged for a moment.
You hit the orc. You headbutt the orc.
You feel a bit better.
You kill the orc!
The orc priest mumbles some strange prayers to Beogh against you.
Pain shoots through your body!
You die...

!.._. ..## ...##..#
..o#..# #.)..#
.##.##...#
.........#####
....(.......o#
.#.#.#.#####)# ##
.....#####@## ..
#.<..........#
#.####.###....########
. #.................
#...............# ###
..........#####.# .>.
.####...## #.#.# ###
##.## #.#.# #(# #.#.#


You could see an orc priest.

Vanquished Creatures
  An ogre (D:4)
  Blork the orc (D:4)
  A gnoll bouda (D:4)
  A jelly (D:4)
  Jessica (D:2)
  Terence (D:2)
  Ijyb (D:3)
  Robin (D:2)
  4 gnolls
  An ufetubus (D:4)
  A worm (D:3)
  A dart slug (D:1)
  An orc (D:4)
  6 ball pythons
  4 bats
  6 endoplasms
  2 giant cockroaches
  12 goblins
  11 hobgoblins
  3 jackals (D:3)
  4 quokkas
  6 frilled lizards
  8 kobolds
  6 rats
84 creatures vanquished.

Notes
Turn   | Place    | Note
-------+----------+-------------------------------------------
     0 | D:1      | Timinator the Demigod Transmuter began the quest for the
                  | Orb.
     0 | D:1      | Reached XP level 1. HP: 15/15 MP: 5/5
   432 | D:1      | Reached skill level 1 in Fighting
   552 | D:1      | Reached XP level 2. HP: 23/23 MP: 7/7
   731 | D:1      | Reached skill level 3 in Unarmed Combat
   735 | D:1      | Learned a level 2 spell: Wereblood
  1489 | D:1      | Reached skill level 1 in Armour
  1756 | D:2      | Noticed Terence
  1771 | D:2      | Killed Terence
  1772 | D:2      | Reached XP level 3. HP: 22/28 MP: 8/8
  2062 | D:2      | Noticed Robin
  2094 | D:2      | Reached XP level 4. HP: 30/36 MP: 9/9
  2100 | D:2      | Killed Robin
  2143 | D:2      | Noticed Jessica
  2166 | D:2      | Killed Jessica
  2661 | D:3      | You fall into a shaft and drop 2 floors!
  2661 | D:5      | Entered Level 5 of the Dungeon
  2666 | D:5      | Noticed a phantom
  2747 | D:4      | Noticed an ogre
  2756 | D:4      | Killed an ogre
  2757 | D:4      | Reached XP level 5. HP: 18/42 MP: 10/10
  2966 | D:3      | Noticed Ijyb
  2991 | D:3      | HP: 2/42 [Ijyb/+3 spectral club (5)]
  2992 | D:3      | Killed Ijyb
  3718 | D:4      | Reached skill level 4 in Unarmed Combat
  3770 | D:4      | Noticed Blork the orc
  3780 | D:4      | Killed Blork the orc
  3781 | D:4      | Reached XP level 6. HP: 28/50 MP: 11/11
  4646 | D:4      | Killed from afar by an orc priest

Illustrated notes

Levels and vault maps discovered:
D:1:      spicycebolla_arrival_risky_transporter, layout_basic,
          nicolae_concentric_dashed_squares_wild
D:2:      layout_rooms, ebering_ecumenical_altar_webs, uniq_robin, uniq_terence,
          uniq_jessica
D:3:      layout_loops_ring, uniq_ijyb
D:4:      layout_loops_ring, mainiacjoe_overflow_small_starburst,
          solitary_fountain, uniq_blork_the_orc
D:5:      layout_basic, bloody_trog

Skill      XL: |  1  2  3  4  5  6 |
---------------+-------------------+-----
Fighting       | 1 2 |  2.7
Spellcasting   | 2 |  2.0
Unarmed Combat | 3 4 |  4.2
Armour         | 1 2 |  2.9
Transmutations | 2 3 |  3.0
Dodging        | 2 |  2.4

Action                   |  1- 3 |  4- 6 || total
-------------------------+-------+-------++-------
Melee: Unarmed           |   117 |   120 ||   237
       Kick              |    23 |    34 ||    57
       Headbutt          |    11 |    21 ||    32
       Punch             |     1 |     6 ||     7
 Cast: Beastly Appendage |    19 |    22 ||    41
       Wereblood         |     1 |     5 ||     6
  Use: Potion            |     1 |     4 ||     5
 Stab: Sleeping          |     1 |       ||     1
Armor: Robe              |    12 |       ||    12
       Leather armour    |    13 |    16 ||    29
       Skin              |     3 |       ||     3
Dodge: Dodged            |    56 |    81 ||   137
